 Seeded DCSS version 0.29.1-2-gbd0b4ee654 (webtiles) character file.

Game seed: 19941 (custom seed)

177 Ashen the Magician (level 5, -1/37 HPs)
             Began as a Demonspawn Hedge Wizard on Oct 28, 2022.
             Slain by Duvessa
             ... wielding a +0 short sword
              (9 damage)
             ... on level 3 of the Dungeon.
             The game lasted 00:10:05 (3927 turns).

Ashen the Magician (Demonspawn Hedge Wizard)        Turns: 3927, Time: 00:10:06

Health: -1/37      AC:  7    Str: 10    XL:     5   Next: 31%
Magic:  2/10       EV: 12    Int: 17    God:
Gold:   98         SH:  0    Dex: 13    Spells: 2/10 levels left

rFire   . . .      SeeInvis .   q - +0 rapier (venom)
rCold   . . .      Faith    .   (no shield)
rNeg    . . .      Spirit   .   h - +3 leather armour
rPois   .          Reflect  .   c - +0 hat
rElec   .          Harm     .   (no cloak)
rCorr   .          Rampage  .   m - +0 pair of gloves
Will    .....                   (no boots)
Stlth   ++........              (no amulet)
HPRegen 0.12/turn               (no ring)
MPRegen 0.12/turn               (no ring)

@: no status effects
A: powered by death 1, sturdy frame 1, weakness stinger 1
a: no special abilities


You were on level 3 of the Dungeon.
You visited 1 branch of the dungeon, and saw 4 of its levels.

You collected 98 gold pieces.

Inventory:

Hand Weapons
 b - a +1 dagger of flaming
 q - a +0 rapier of venom (weapon)
Armour
 c - a +0 hat (worn)
 h - a +3 leather armour (worn)
 m - a +0 pair of gloves (worn)
Jewellery
 j - a +4 ring of protection
Scrolls
 e - a scroll of magic mapping {unknown}
 f - 2 scrolls of identify {unknown}
 g - a scroll of amnesia {unknown}
 i - 2 scrolls of noise {unknown}
 k - a scroll of enchant armour {unknown}
 p - a scroll of summoning {unknown}
Potions
 d - a potion of magic
 l - a potion of ambrosia {unknown}
 n - 2 potions of curing {unknown}
 o - a potion of mutation {unknown}


   Skills:
 + Level 1.5 Fighting
 + Level 2.5 Dodging
 + Level 2.7 Stealth
 + Level 3.4 Spellcasting
 + Level 1.8 Conjurations
 + Level 1.9 Summonings
 + Level 1.6 Translocations
 + Level 0.5 Air Magic
 + Level 0.8 Poison Magic


You had 2 spell levels left.
You knew the following spells:

 Your Spells              Type           Power      Damage    Failure   Level
a - Magic Dart            Conj           36%        1d4       9%          1
b - Call Imp              Summ           9%         N/A       12%         2
c - Blink                 Tloc           16%        N/A       14%         2
d - Mephitic Cloud        Conj/Pois/Air  6%         N/A       34%         3

Your spell library contained the following spells:

 Spells                   Type           Power      Damage    Failure   Level
 Slow                     Hex            8%         N/A       19%         1
 Conjure Flame            Conj/Fire      6%         6-21      36%         3
 Portal Projectile        Hex/Tloc       10%        N/A       36%         3
 Tukima's Dance           Hex            2%         N/A       47%         3
 Blade Hands              Tmut           1%         N/A       99%         5


Dungeon Overview and Level Annotations

Branches:
Dungeon (4/15)
 Temple: D:4-7

Altars:

Shops:
D:1 ([*

Annotations:
D:3 Dowan, Duvessa


Innate Abilities, Weirdness & Mutations

You regenerate a little health from kills.
Your movements are slightly less encumbered by armour. (ER -2)
You have a small tail.


Message History

Dowan blinks!
Casting: Call Imp (safe; 12% risk of failure)
Confirm with . or Enter, or press ? or * to list all spells.
You miscast Call Imp.
You are very lightly contaminated with residual magic.
Nothing appears to happen.
Duvessa barely misses you. Duvessa hits you with a +0 short sword!
Your crimson imp blinks!
You swap places.
Duvessa closely misses your crimson imp.
Your crimson imp hits Duvessa but does no damage.
Duvessa hits your crimson imp with a +0 short sword.
Duvessa hits your crimson imp with a +0 short sword!
Your crimson imp dies!
Your crimson imp disappears in a puff of smoke!
Dowan gestures at you while chanting. The puff of frost hits you.
* * * LOW HITPOINT WARNING * * *
Casting: Call Imp (safe; 12% risk of failure)
Confirm with . or Enter, or press ? or * to list all spells.
A beastly little devil appears in a puff of flame.
Your crimson imp hits Duvessa.
Duvessa attacks as you move away! Duvessa closely misses you.
Duvessa barely misses your crimson imp.
Your crimson imp hits Duvessa but does no damage.
Duvessa closely misses your crimson imp.
Duvessa hits your crimson imp with a +0 short sword!
Your crimson imp blinks!
Your crimson imp blinks!
Your magical contamination has completely faded away.
A hobgoblin, an endoplasm and a dart slug come into view.
The dart slug moves out of view.
The dart slug closely misses you. Duvessa misses you.
Duvessa attacks as you move away! Duvessa hits you with a +0 short sword.
* * * LOW HITPOINT WARNING * * *
The dart slug misses you. Duvessa attacks as you move away!
Duvessa hits you with a +0 short sword.
* * * LOW HITPOINT WARNING * * *
Duvessa hits you with a +0 short sword!
You die...

+........
#J...... #.....
###+###..#
#........#+######
#....###.........
#)...# #w........
#....# #e........
#...e# #@........
+....# #.........
+....# #.#+######
+....# #.#
#...)###.######
#............§#
#.............#
####..........+
#...?..§...#


You could see Duvessa (fast), a dart slug and an endoplasm (asleep).

Vanquished Creatures
  A hound (D:4)
  3 gnolls (D:2)
  6 adders
  A worm (D:3)
  2 dart slugs
  5 endoplasms
  2 giant cockroaches
  5 goblins
  6 hobgoblins
  5 kobolds
  2 quokkas (D:1)
  3 ball pythons
  7 bats
  5 frilled lizards
  12 rats
65 creatures vanquished.

Notes
Turn   | Place    | Note
-------+----------+-------------------------------------------
     0 | D:1      | Ashen the Demonspawn Hedge Wizard began the quest for the
                  | Orb.
     0 | D:1      | Reached XP level 1. HP: 13/13 MP: 4/4
   148 | D:1      | Reached skill level 1 in Translocations
   184 | D:1      | Found Riotof's Antique Weapon Shop.
   374 | D:1      | Gained mutation: Your movements are slightly less
                  | encumbered by armour. (ER -2) [demonic ancestry]
   374 | D:1      | Reached XP level 2. HP: 17/19 MP: 1/6
   600 | D:1      | Found a faded altar of an unknown god.
  1262 | D:1      | Found Vypiut's Assorted Antiques.
  1270 | D:1      | Gained mutation: You have a small tail. [demonic ancestry]
  1270 | D:1      | Reached XP level 3. HP: 25/25 MP: 4/7
  1301 | D:1      | Found Marruhor's Antique Armour Shoppe.
  1498 | D:2      | Reached skill level 1 in Fighting
  1968 | D:2      | Learned a level 2 spell: Call Imp
  1971 | D:2      | Learned a level 2 spell: Blink
  1975 | D:2      | Learned a level 3 spell: Mephitic Cloud
  2191 | D:2      | Reached XP level 4. HP: 32/32 MP: 3/8
  3578 | D:4      | Noticed a necrophage
  3639 | D:4      | Gained mutation: You regenerate a little health from kills.
                  | [demonic ancestry]
  3639 | D:4      | Reached XP level 5. HP: 37/37 MP: 5/10
  3898 | D:4      | Noticed Duvessa
  3898 | D:4      | Noticed Dowan
  3927 | D:3      | Slain by Duvessa

Illustrated notes

Levels and vault maps discovered:
D:1:      lightli_arrival_lavapool, layout_basic, serial_shops, shop_fountains,
          shop, nicolae_shop_trees,
          hellmonk_ecumenical_altar_pennies_from_heaven
D:2:      layout_loops_ring, minmay_hexomino_c4
D:3:      layout_basic, mainiacjoe_overflow_surrounded_room,
          mainiacjoe_overflow_big_doors, serial_shops, shop,
          kennysheep_generic_room_6
D:4:      layout_layer_cave, uniq_duvessa

Skill      XL: |  1  2  3 |
---------------+----------+-----
Translocations | 1 |  1.6
Stealth        | 2 |  2.7
Dodging        | 2 |  2.5
Fighting       | 1 |  1.5
Spellcasting   | |  3.4
Conjurations   | |  1.8
Summonings     | |  1.9
Air Magic      | |  0.5
Poison Magic   | |  0.8

Action                   |  1- 3 |  4- 6 || total
-------------------------+-------+-------++-------
Melee: Dagger            |    39 |    29 ||    68
       Tailslap          |     2 |     4 ||     6
       Punch             |       |     1 ||     1
       Rapier            |       |     3 ||     3
 Cast: Magic Dart        |    84 |    70 ||   154
       Call Imp          |       |     7 ||     7
       Blink             |       |     1 ||     1
 Stab: Sleeping          |       |     1 ||     1
Armor: Leather armour    |    15 |    21 ||    36
Dodge: Dodged            |    43 |    41 ||    84
